 Seeded DCSS version 0.31-a0-133-gaae73658be (webtiles) character file.

Game seed: 4191116242249289706 (custom seed)

141 Pimp the Firebug (level 5, -5/40 HPs)
             Began as a Draconian Fire Elementalist on June 2, 2023.
             Slain by an orc
             ... wielding a +0 flail
              (8 damage)
             ... on level 3 of the Dungeon.
             The game lasted 00:06:22 (2333 turns).

Pimp the Firebug (Draconian Fire Elementalist)      Turns: 2333, Time: 00:06:23

Health: -5/40      AC:  5    Str: 10    XL:     5   Next: 3%
Magic:  8/8        EV: 12    Int: 15    God:
Gold:   66         SH:  0    Dex: 14    Spells: 3/9 levels left

rFire   . . .        f - +0 spear
rCold   . . .        (no shield)
rNeg    . . .        (body armour unavailable)
rPois   .            (helmet restricted)
rElec   .            (no cloak)
rCorr   .            (no gloves)
SInv    .            (no boots)
Will    .....        (no amulet)
Stlth   +            b - ring of wizardry
HPRegen 0.26/turn    (no ring)
MPRegen 0.11/turn

%: wizardry (x1)
@: confused, brilliant
A: AC +5, unfitting armour, cold-blooded
a: no special abilities


You were on level 3 of the Dungeon.
You visited 1 branch of the dungeon, and saw 3 of its levels.

You collected 66 gold pieces.

Inventory:

Hand Weapons
 f - a +0 spear (weapon)
Missiles
 c - 5 boomerangs
Jewellery
 b - a ring of wizardry (left hand)
Scrolls
 h - 2 scrolls of enchant armour {unknown}
 i - a scroll of teleportation
 l - a scroll of torment
Potions
 j - a potion of brilliance


   Skills:
 + Level 1.4 Fighting
 * Level 2.0 Polearms
 + Level 2.4 Dodging
 - Level 2.1 Stealth
 + Level 2.5 Spellcasting
 + Level 2.0 Conjurations
 + Level 3.5 Fire Magic


You had 3 spell levels left.
You knew the following spells:

 Your Spells              Type           Power      Damage    Failure   Level
a - Foxfire               Conj/Fire      60%        2x1d7     2%          1
b - Scorch                Fire           36%        2d6       3%          2
c - Volatile Blastmotes   Fire/Tloc      20%        2d11      12%         3

Your spell library contained the following spells:

 Spells                   Type           Power      Damage    Failure   Level
 Static Discharge         Conj/Air       14%        2-3/arc   9%          2
 Inner Flame              Hex/Fire       10%        N/A       12%         3
 Flame Wave               Conj/Fire      15%        2d7       26%         4
 Airstrike                Air            1%         2d(1-17)  61%         4
 Summon Lightning Spire   Summ/Air       2%         N/A       61%         4


Dungeon Overview and Level Annotations

Branches:
Dungeon (3/15)

Altars:

Shops:
D:1 :


Innate Abilities, Weirdness & Mutations

Your plain brown scales are hard. (AC +5)
You cannot fit into any form of body armour.
You are cold-blooded and may be slowed by cold attacks.


Message History

An orc comes into view. It is wielding a +0 club.
The orc shouts!
You hear a shout!
An orc wizard comes into view. It is wielding a +0 dagger.
An endoplasm comes into view.
The orc barely misses you.
You closely miss the orc.
The endoplasm quivers.
Your tail-slap misses the orc.
The orc hits you with a +0 flail! The orc barely misses you.
You hit the orc.
The orc is heavily wounded.
The orc closely misses you. The orc barely misses you.
You hit the orc.
You kill the orc!
The orc hits you with a +0 flail.
The orc wizard points at you and mumbles some strange words.
You are confused.
The orc hits you with a +0 flail!
The orc wizard hits you but does no damage.
You see here a +0 club.
You are too confused!
You feel clever all of a sudden. The endoplasm freezes you.
You are frozen.
You feel yourself slow down. The orc closely misses you.
The orc wizard points at you and mumbles some strange words.
The puff of flame hits you!
* * * LOW HITPOINT WARNING * * *
You're too confused to cast spells.
Found a stone staircase leading down.
The orc closely misses you.
You barely miss the endoplasm. You tail-slap the endoplasm.
The endoplasm is moderately wounded.
You feel yourself speed up. The endoplasm closely misses you.
The orc wizard hits you but does no damage.
The orc barely misses you. The endoplasm freezes you.
You are frozen.
* * * LOW HITPOINT WARNING * * *
The orc hits you with a +0 flail!
You die...

...........# #.##
........... #....
........# ...#
........###...#
####†..#.##.....#
######................ #
....<..##.........#.....
.......##......oJ.#....>
......####...♣.o@.......
..#.#.............#.....
....#.####...♣.♣..#.....
#.##..# #..........<...
~.#..## #.........###
#)#.########...#.#....
#................##...
...############### #..
..## .


You could see an orc wizard, an orc and an endoplasm.

Vanquished Creatures
  A phantom (D:3)
  3 adders
  A worm (D:2)
  A dart slug (D:1)
  An orc (D:3)
  A bat (D:3)
  4 endoplasms
  3 giant cockroaches (D:1)
  2 goblins (D:2)
  3 hobgoblins
  5 kobolds
  A quokka (D:2)
  2 frilled lizards (D:1)
  7 rats
35 creatures vanquished.

Vanquished Creatures (collateral kills)
  2 foxfires (D:1)
2 creatures vanquished.

Vanquished Creatures (others)
  116 foxfires
116 creatures vanquished.

Grand Total: 153 creatures vanquished

Notes
Turn   | Place    | Note
-------+----------+-------------------------------------------
     0 | D:1      | Pimp the Draconian Fire Elementalist began the quest for
                  | the Orb.
     0 | D:1      | Reached XP level 1. HP: 14/14 MP: 3/3
   295 | D:1      | Reached XP level 2. HP: 20/20 MP: 0/5
   648 | D:1      | Found Himatz's Book Shoppe.
   667 | D:1      | Upgraded the game from 0.31-a0-128-g25add195a6 to
                  | 0.31-a0-133-gaae73658be
  1083 | D:1      | Found a faded altar of an unknown god.
  1513 | D:2      | Reached XP level 3. HP: 21/27 MP: 2/6
  1745 | D:2      | Learned a level 2 spell: Scorch
  2062 | D:2      | Reached skill level 1 in Polearms
  2222 | D:3      | Noticed a phantom
  2228 | D:3      | Learned a level 3 spell: Volatile Blastmotes
  2242 | D:3      | Killed a phantom
  2243 | D:3      | Reached skill level 1 in Fighting
  2243 | D:3      | Reached XP level 4. HP: 16/35 MP: 0/7
  2248 | D:3      | Reached XP level 5. HP: 19/40 MP: 1/8
  2333 | D:3      | Slain by an orc

Illustrated notes

Levels and vault maps discovered:
D:1:      eino_arrival_water_star, layout_basic, serial_shops, shop,
          serial_forest, infiniplex_forest_lined_2,
          infiniplex_forest_straight_1, infiniplex_forest_clump_small,
          infiniplex_forest_lined_3, infiniplex_forest_end_double,
          infiniplex_forest_straight_5,
          dreamdust_ecumenical_altar_hidden_monk_grotto
D:2:      layout_basic
D:3:      layout_rooms, serial_shops, shop, minivault_4, chequers_garden,
          interstate_on_off, amcnicky_mini_corridor_feature, uniq_jessica

Skill      XL: |  1  2  3  4  5 |
---------------+----------------+-----
Stealth        | 2 |  2.1
Dodging        | 2 |  2.4
Polearms       | 1 2 |  2.0
Fighting       | 1 |  1.4
Conjurations   | 2 |  2.0
Spellcasting   | |  2.5
Fire Magic     | |  3.5

Action                     |  1- 3 |  4- 6 || total
---------------------------+-------+-------++-------
  Melee: Unarmed           |     6 |       ||     6
         Spear             |    30 |    10 ||    40
         Tailslap          |     6 |     1 ||     7
   Cast: Foxfire           |    76 |       ||    76
         Scorch            |     3 |       ||     3
         Volatile Blastmot |     1 |       ||     1
    Use: Scroll            |     6 |       ||     6
         Potion            |     1 |     1 ||     2
   Stab: Sleeping          |     1 |       ||     1
 Armour: Skin              |    10 |     2 ||    12
  Dodge: Dodged            |    40 |    10 ||    50

Table legend: (Time is in decaauts)
 A = Elapsed time spent in this place.
 B = Non-inter-level travel time spent in this place.
 C = Inter-level travel time spent in this place.
 D = Time resting spent in this place.
 E = Time spent auto-exploring this place.
 F = Levels seen in this place.
 G = Mean time per level.
                   A        B        C        D        E       F      G
               +--------+--------+--------+--------+--------+-----+--------+
         Total |   2336 |   2266 |     70 |     48 |   1899 |   3 |  778.7 |
       Dungeon |   2336 |   2266 |     70 |     48 |   1899 |   3 |  778.7 |
               +--------+--------+--------+--------+--------+-----+--------+

Top non-repeatable levels by time:
     D:1: 1138 daAuts
     D:2: 1022 daAuts
     D:3: 176 daAuts
